 Dungeon Crawl Stone Soup version 0.31-a0-237-g2d982f9f85 (webtiles) character file.

Game seed: 11720794390127725383

102 qw the Shooter (level 4, -1/26 HPs)
             Began as a Gargoyle Hexslinger on July 11, 2023.
             Slain by a black bear (5 damage)
             ... on level 4 of the Dungeon.
             The game lasted 00:00:54 (2024 turns).

qw the Shooter (Gargoyle Hexslinger)                Turns: 2024, Time: 00:00:55

Health: -1/26      AC:  9    Str: 16    XL:     4   Next: 78%
Magic:  5/5        EV: 11    Int: 14    God:
Gold:   292        SH:  0    Dex: 14    Spells: 4/5 levels left

rFire   . . .        Y - +1 sling
rCold   + . .        (no shield)
rNeg    + . .        g - +0 ring mail
rPois   inf          c - +0 helmet of Fate {Contam Rampage Str+5}
rElec   +            (no cloak)
rCorr   .            (no gloves)
SInv    .            (no boots)
Will    .....        (no amulet)
Stlth   +            j - ring of protection from cold
HPRegen 0.24/turn    (no ring)
MPRegen 0.09/turn

%: rampage
@: no status effects
A: sickness immunity, AC +3, negative energy resistance 1, electricity
resistance, torment resistance 1, petrification resistance
a: no special abilities


You were on level 4 of the Dungeon.
You visited 1 branch of the dungeon, and saw 4 of its levels.

You collected 292 gold pieces.


Innate Abilities, Weirdness & Mutations

You are immune to sickness and miasma.
Your stone body is resilient. (AC +3)
You are immune to poison.
You resist negative energy. (rN+)
You are resistant to electric shocks. (rElec)
You are resistant to unholy torment.
You are immune to petrification.


   Skills:
 - Level 2.0 Fighting
 + Level 4.2 Ranged Weapons
 - Level 1.2 Armour
 - Level 1.5 Dodging
 - Level 1.0 Spellcasting
 - Level 2.6 Hexes


You had 4 spell levels left.
You knew the following spells:

 Your Spells              Type           Power      Damage    Failure   Level
a - Slow                  Hex            32%        N/A       17%         1

Your spell library contained the following spells:

 Spells                   Type           Power      Damage    Failure   Level
 Inner Flame              Hex/Fire       4%         N/A       65%         3
 Portal Projectile        Hex/Tloc       8%         N/A       65%         3
 Cause Fear               Hex            4%         N/A       86%         4

Inventory:

Hand Weapons
 Y - a +1 sling (weapon)
Armour
 c - the +0 helmet of Fate (worn) {Contam Rampage Str+5}
   (You found it on level 3 of the Dungeon)

   Str:       It affects your strength (+5).
   Contam:    It causes magical contamination when unequipped.
   Rampage:   It bestows one free step when moving towards enemies.
 g - a +0 ring mail (worn)
Jewellery
 j - a ring of protection from cold (left hand)
Scrolls
 b - a scroll of identify
Potions
 d - a potion of berserk rage {unknown}
 e - a potion of mutation {unknown}
 f - a potion of curing {unknown}
 h - 3 potions of heal wounds
 i - a potion of might {unknown}

Dungeon Overview and Level Annotations

Branches:
Dungeon (4/15)
 Temple: D:4-7

Altars:

Shops:
D:2 :

Annotations:
D:1 1 runed translucent door


Message History

The black bear moves out of view.
You shoot a sling bullet.
The sling bullet barely misses the ball python.
The ball python closely misses you. The ball python barely misses you.
You shoot a sling bullet. The sling bullet hits the ball python.
You kill the ball python!
Found a robe.
The black bear growls angrily.
You shoot a sling bullet. The sling bullet hits the black bear!
The black bear is moderately wounded.
You shoot a sling bullet. The sling bullet hits the black bear.
The black bear is heavily wounded.
A giant cockroach comes into view.
You shoot a sling bullet.
The sling bullet barely misses the black bear.
You shoot a sling bullet. The sling bullet hits the black bear.
The black bear is heavily wounded.
You shoot a sling bullet.
The sling bullet hits the black bear but does no damage.
The black bear is heavily wounded.
The black bear bites you. The black bear claws you.
The black bear closely misses you. The black bear barely misses you.
The black bear claws you.
The black bear claws you but does no damage.
You shoot a sling bullet. The sling bullet hits the black bear.
The black bear is severely wounded.
The giant cockroach waves its antennae.
The black bear barely misses you.
The black bear claws you but does no damage.
The black bear barely misses you.
The giant cockroach completely misses you.
You shoot a sling bullet. The sling bullet hits the black bear.
The black bear is almost dead.
The giant cockroach bites you.
The black bear goes berserk!
You shoot a sling bullet.
The sling bullet barely misses the black bear.
The black bear bites you! The black bear closely misses you. x2
The giant cockroach bites you but does no damage.
The black bear bites you.
You die...

.. .. #. #. #. ##.
#####..###
......h@.#####
......B......####
................##
...............>.##
................<.#
..................#
.[................#
......#.....#....##
....###...###....


You could see a black bear (berserk) and a giant cockroach.

Vanquished Creatures
  4 adders (D:2)
  A worm (D:2)
  4 orcs (D:3)
  10 ball pythons
  8 endoplasms
  3 giant cockroaches
  2 goblins (D:1)
  5 hobgoblins
  2 jackals (D:1)
  3 quokkas
  5 bats
  2 frilled lizards
  4 kobolds
  2 rats (D:1)
55 creatures vanquished.

Notes
Turn   | Place    | Note
-------+----------+-------------------------------------------
     0 | D:1      | qw the Gargoyle Hexslinger began the quest for the Orb.
     0 | D:1      | Reached XP level 1. HP: 12/12 MP: 2/2
     0 | D:1      | 0 ||| qw: Version: 0.3-a-52-g30416fa
     0 | D:1      | 0 ||| qw: Game counter: 5874
     0 | D:1      | 0 ||| qw: Melee chars always use a shield: true
     0 | D:1      | 0 ||| qw: God list: Okawaru
     0 | D:1      | 0 ||| qw: Allow faded altars: false
     0 | D:1      | 0 ||| qw: Do Orc after clearing Dungeon:15 true
     0 | D:1      | 0 ||| qw: Do second Lair branch before Depths: true
     0 | D:1      | 0 ||| qw: Lair rune preference: random
     0 | D:1      | 0 ||| qw: Goals: Normal
     0 | D:1      | 0 ||| PLANNING D:1-11
     1 | D:1      | Found a runed translucent door.
    76 | D:1      | Reached XP level 2. HP: 16/16 MP: 3/3
   149 | D:1      | Reached skill level 3 in Ranged Weapons
   363 | D:1      | Reached XP level 3. HP: 21/21 MP: 4/4
   682 | D:1      | 682 ||| UPGRADING to +0 leather armour.
   692 | D:1      | 692 ||| DROPPING +0 robe.
   693 | D:1      | 693 ||| UPGRADING to +0 ring mail.
   703 | D:1      | 703 ||| DROPPING +0 leather armour.
   704 | D:1      | 704 ||| READING scroll labelled RITSEIZXER.
   705 | D:1      | 705 ||| READING scroll labelled HET IXKUAMOZOA.
   722 | D:1      | 722 ||| READING scroll labelled SOOREC TITA.
   723 | D:1      | 723 ||| DRINKING 3 blue potions.
   724 | D:1      | 724 ||| DROPPING scroll of poison.
   866 | D:2      | Found Noceil's Book Shop.
   983 | D:2      | Reached XP level 4. HP: 26/26 MP: 5/5
  1172 | D:2      | Reached skill level 4 in Ranged Weapons
  1400 | D:2      | Reached skill level 1 in Armour
  1526 | D:2      | 1526 ||| READING scroll labelled VIDGHE HURPHIDEK.
  1527 | D:2      | 1527 ||| READING scroll labelled ONGUCU RUIHU.
  1530 | D:2      | 1530 ||| READING scroll labelled LOAPEO HOBO.
  1592 | D:3      | Identified the +0 helmet of Fate {Contam Rampage Str+5}
  1962 | D:3      | 1962 ||| UPGRADING to +0 helmet of Fate {Contam Rampage
                  | Str+5}.
  1967 | D:3      | 1967 ||| UPGRADING to ring of protection from cold.
  1968 | D:3      | 1968 ||| READING 2 scrolls of identify.
  1968 | D:3      | 1968 ||| IDENTIFYING puce potion
  1969 | D:3      | 1969 ||| DROPPING potion of ambrosia.
  2011 | D:4      | Noticed a black bear
  2024 | D:4      | HP: 4/26 [black bear (9)]
  2024 | D:4      | Slain by a black bear

Levels and vault maps discovered:
D:1:      dpeg_arrival_caged_fury, layout_loops_ring, minmay_tiny_reverse_x
D:2:      minmay_chambers_of_ones, layout_loops_ring, serial_shops,
          nicolae_diamond_shop
D:3:      layout_rooms, hangedman_feature_mirror
D:4:      layout_cave_pods, grunt_temple_overflow_open, ebering_ghost_sewer_d,
          serial_glass, glass_columns_a, glass_columns_c, feat_on_display,
          minmay_strange_pillars, feat_on_display, minmay_strange_pillars,
          uniq_eustachio

Skill      XL: |  1  2  3  4 |
---------------+-------------+-----
Ranged Weapons | 3 4 |  4.2
Fighting       | 2 |  2.0
Armour         | 1 |  1.2
Dodging        | |  1.5
Spellcasting   | |  1.0
Hexes          | |  2.6

Action                     |  1- 3 |  4- 6 || total
---------------------------+-------+-------++-------
   Fire: Sling             |   116 |    92 ||   208
    Use: Scroll            |     3 |     4 ||     7
         Potion            |     1 |       ||     1
 Armour: Robe              |     5 |       ||     5
         Ring mail         |    19 |    34 ||    53
  Dodge: Dodged            |    34 |    60 ||    94

Table legend:
 A = Non-vault XP
 B = Vault XP
 C = Vault XP percentage of total XP
 D = Non-vault monster count
 E = Vault monster count
 F = Vault count percentage of total count
                 A         B        C        D         E       F
            +---------+---------+-------+---------+---------+-------
      Total |     135 |      12 |   8.2 |      48 |       7 |  12.7
            +---------+---------+-------+---------+---------+-------
        D:1 |      39 |       3 |   7.1 |      24 |       2 |   7.7
        D:2 |      76 |       9 |  10.6 |      16 |       5 |  23.8
        D:3 |      16 |       0 |   0.0 |       6 |       0 |   0.0
        D:4 |       4 |       0 |   0.0 |       2 |       0 |   0.0
            +---------+---------+-------+---------+---------+-------
